Unix NetHack Version 5.0.0-0 post-release - last build May 10 2026 23:12:36 (d1fa5d53e341ca933230fdaa984d921c805b60aa,branch:main).

Game began 2026-05-12 23:33:50, ended 2026-05-13 00:09:42.

Hareimo, chaotic male human Wizard

                                                  --- ---        ---     ----
                                                 ...---.--    ----.------|..|
                                                -....|...|   --.%...--..--..|
                                                ...@###..-----.%.%.%....)).*|
                                                ..h%....................-----
                                                 -.......--------...|...|
                                                  ......--      --.---..|
                                                   ....          --- ---

Hareimo the Thaumaturge   St:25 Dx:14 Co:13 In:18 Wi:9 Ch:8  Chaotic
Dlvl:4  $:166 HP:0(42) Pw:57(58) AC:5  Xp:6 T:2825 

Latest messages:
 The gnome lord wields 2 daggers!
 You kill the gnome lord!
 Z - a smoky potion.
 You hear crashing rock.
 You are hit by a dagger.
 You are hit by a dart.
 A dart misses you.
 The hobbit picks up a dart.
 The gnome lord hits!
 You hit the gnome lord!
 The hobbit picks up a dagger.
 The gnome lord hits!
 You are beginning to feel hungry.
 You kill the gnome lord!
 The gnome misses!
 You kill the gnome!
 What do you want to eat? [t or ?*] ?
 This food really hits the spot!
 You stop eating the food ration.
 You hit the dwarf!
 The dwarf swings her pick-axe.
 The dwarf hits!
 You kill the dwarf!
 There are several objects here.
 $ - 15 gold pieces (166 in total).
 You hear crashing rock.
 You kill the gnome!
 The hobbit picks up a dwarvish cloak.
 The hobbit wields 5 daggers!
 The hobbit picks up a pair of iron shoes.
 You kill the hobbit!
 There are several objects here.
 The gnome zaps a wand of magic missile!
 The magic missile whizzes by you!
 The magic missile bounces!
 You fail to cast the spell correctly.
 You kill the gnome!
 You see here a wand of magic missile.
 You hear crashing rock.
 s - a wand of magic missile.
 The gnome hits!
 You kill the gnome!
 You hear crashing rock.
 You kill the gnome!
 You hit the dwarf!
 The dwarf swings her pick-axe.
 The dwarf hits!
 You die...
 Do you want your possessions identified? [ynq] (y) y
 Do you want to see your attributes? [ynq] (y) q

Inventory:
 Coins    ('$')
  $ - 166 gold pieces
 Weapons  (')')
  P - a +0 dagger
  V - a +0 orcish dagger
  J - a +0 dwarvish short sword
  a - a blessed +1 quarterstaff (weapon in hands)
 Armor    ('[')
  H - an uncursed +0 dwarvish iron helm (being worn)
  W - an uncursed +0 orcish helm
  r - an uncursed +0 pair of gauntlets of power (being worn)
  O - a cursed -2 pair of fumble boots
  p - an uncursed +0 pair of jumping boots (being worn)
  b - an uncursed +0 cloak of magic resistance (being worn)
  X - a cursed +0 dwarvish cloak
 Comestibles  ('%')
  t - an uncursed partly eaten food ration
 Scrolls  ('?')
  N - a blessed scroll of confuse monster
  M - an uncursed scroll of confuse monster named 50
  z - an uncursed scroll of fire named 50
  B - an uncursed scroll of gold detection named 50
  k - an uncursed scroll of identify
  j - an uncursed scroll of magic mapping
  w - an uncursed scroll of remove curse named 40
  Q - a cursed scroll of taming
  i - an uncursed scroll of teleportation
 Spellbooks  ('+')
  l - a blessed spellbook of force bolt
  m - an uncursed spellbook of protection
 Potions  ('!')
  h - 2 uncursed potions of extra healing
  Z - an uncursed potion of full healing
  L - an uncursed potion of hallucination named 50
  K - 2 uncursed potions of healing named 10
  v - a cursed potion of invisibility named 75
  q - an uncursed potion of polymorph named 100
  f - a blessed potion of see invisible
  D - an uncursed potion of see invisible
  T - an uncursed potion of speed
  g - an uncursed potion of water
 Rings    ('=')
  e - an uncursed ring of cold resistance
  d - an uncursed ring of warning
 Wands    ('/')
  s - a wand of magic missile (0:7)
  C - a wand of magic missile (0:2)
  c - a wand of striking (0:4)
 Tools    ('(')
  o - an uncursed blindfold
  n - a magic marker (0:22)
  Y - an uncursed oil lamp (lit)
 Gems/Stones  ('*')
  u - 2 uncursed worthless pieces of yellowish brown glass

Hareimo the Wizard's attributes:

Background:
 You were a Thaumaturge, a level 6 male human Wizard.
 You were chaotic, on a mission for Anhur
 who was opposed by Ptah (lawful) and Thoth (neutral).
 You were right-handed.
 You were in the Gnomish Mines, on level 4.
 You entered the dungeon 2825 turns ago.
 It was the midnight hour.
 You had 565 experience points, 75 more were needed to attain level 7.

Basics:
 You had 0 out of 42 hit points.
 You had 57 out of 58 energy points (spell power).
 Your armor class was 5.
 Your wallet contained 166 zorkmids.
 Autopickup was off.

Final Characteristics:
 Your strength was 25 (base:14, peak:15, innate limit:18/100).
 Your dexterity was 14 (limit:18).
 Your constitution was 13 (limit:18).
 Your intelligence was 18 (limit:18).
 Your wisdom was 9 (limit:18).
 Your charisma was 8 (limit:18).

Final Status:
 You weren't hungry.
 You were unencumbered.
 You were wielding a quarterstaff.
 You had basic skill with quarterstaff.

Final Attributes:
 You were piously aligned.
 You were magic-protected.
 You were telepathic.
 You could jump.
 You were warded.
 You are dead.

Miscellaneous:
 You didn't encounter any bones levels.
 Total elapsed playing time was 35 minutes and 51 seconds.

Major events:
 Turn
    1: Hareimo the chaotic male human Wizard entered the dungeon
  535: entered the Gnomish Mines
  539: attained the rank of Conjurer (level 3)
 2207: attained the rank of Thaumaturge (level 6)
 2825: killed by a dwarf

Spells:
 Name                 Level Category     Fail Retention
 force bolt             1   attack        13%   81%-90%
 protection             1   clerical      13%  76%-100%

Skills:
 Fighting Skills
   bare handed combat [Unskilled]
   riding             [Unskilled]
 Weapon Skills
   dagger             [Unskilled]
   knife              [Unskilled]
   axe                [Unskilled]
   short sword        [Unskilled]
   club               [Unskilled]
   mace               [Unskilled]
   quarterstaff       [Basic]
   polearms           [Unskilled]
   spear              [Unskilled]
   trident            [Unskilled]
   sling              [Unskilled]
   dart               [Unskilled]
   shuriken           [Unskilled]
 Spellcasting Skills
   attack spells      [Basic]
   healing spells     [Unskilled]
   divination spells  [Unskilled]
   enchantment spells [Basic]
   clerical spells    [Unskilled]
   escape spells      [Unskilled]
   matter spells      [Unskilled]

Voluntary challenges:
 Character rerolling was not enabled.
 You never genocided any monsters.
 You never polymorphed an object.
 You never changed form.
 You used no wishes.
Achievements:
 You entered the Gnomish Mines.
 You attained the rank of Conjurer.
 You entered a shop.
 You attained the rank of Thaumaturge.

 The Dungeons of Doom: levels 1 to 5
    Level 1: "chest"
       An altar, a fountain, a grave.
    Level 2:
       Stairs down to The Gnomish Mines.
    Level 3: "vault"
       A general store.
    Level 4:
       A sink, a grave.
    Level 5:
 The Gnomish Mines: levels 3 to 4
    Level 3:
    Level 4: <- You were here.
       Final resting place for
          you, killed by a dwarf.


Vanquished creatures:
  a rock mole
  8 fog clouds
  4 gnome leaders
  a straw golem
  5 giant ants
  a floating eye
  4 dwarves
  5 hill orcs
  a rothe
  2 centipedes
  a giant bat
  a monkey
  a gas spore
  a hobbit
  2 hobgoblins
  3 yellow molds
  9 gnomes
  2 garter snakes
  a gecko
  3 jackals
  a fox
  a kobold
  2 goblins
  2 sewer rats
  7 grid bugs
  6 lichens
  3 newts
78 creatures vanquished.

No species were genocided or became extinct.

Game over:
                       ----------
                      /          \
                     /    REST    \
                    /      IN      \
                   /     PEACE      \
                  /                  \
                  |     Hareimo      |
                  |      166 Au      |
                  |   killed by a    |
                  |      dwarf       |
                  |                  |
                  |                  |
                  |       2026       |
                 *|     *  *  *      | *
        _________)/\\_//(\/(/\)/\//\/|_)_______

Goodbye Hareimo the Wizard...

You died in The Gnomish Mines on dungeon level 4 with 2620 points,
and 166 pieces of gold, after 2825 moves.
You were level 6 with a maximum of 42 hit points when you died.

